 Dungeon Crawl Stone Soup version 0.29.1-15-g9cfb28693d (webtiles) character file.

Game seed: 3069059379390321571

22302 Danienth the Fighter (level 12, -2/99 HPs)
             Began as a Demonspawn Gladiator on Apr 5, 2023.
             Was a High Priest of Jiyva.
             Slain by an alligator (10 damage)
             ... on level 1 of the Swamp.
             The game lasted 01:25:48 (10152 turns).

Danienth the Fighter (Demonspawn Gladiator)        Turns: 10152, Time: 01:25:51

Health: -2/99      AC:  9    Str: 21    XL:     12   Next: 61%
Magic:  12/14      EV: 14    Int: 12    God:    Jiyva [*****.]
Gold:   528        SH:  6    Dex: 12    Spells: 13/14 levels left

rFire   . . .      SeeInvis .   z - +4 flail (protect)
rCold   . . .      Faith    .   K - +2 buckler {rPois}
rNeg    + + .      Spirit   .   q - +0 ring mail
rPois   +          Reflect  .   x - +2 helmet "Kufasoax" {rN++ Int+2 Dex-3}
rElec   +          Harm     .   (cloak unavailable)
rCorr   +          Rampage  .   (no gloves)
Will    .....                   (no boots)
Stlth   ++........              i - amulet of regeneration
HPRegen 2.50/turn               s - ring of resist corrosion
MPRegen 0.59/turn               (no ring)

@: calling ooze
A: yellow scales 3, foul stench 1, demonic magic 1, weakness stinger 3,
electricity resistance, strong 1, wild magic 2, acidic bite, eyeballs 2,
pseudopods 3, translucent skin 2, jelly absorbing missiles
a: Renounce Religion, Oozemancy, Slimify


You were on level 1 of the Swamp.
You worshipped Jiyva.
Jiyva was extremely pleased with you.
You visited 4 branches of the dungeon, and saw 13 of its levels.

You collected 528 gold pieces.

Inventory:

Hand Weapons
 a - a +0 trident
 f - a +2 quarterstaff of chaos
 g - a +1 dagger of distortion
 p - a +0 dagger of holy wrath
 w - a +0 lajatang
 z - a +4 flail of protection (weapon)
 I - a +1 broad axe of pain
Missiles
 d - 3 throwing nets
 e - 3 javelins
 h - 21 poisoned darts
 F - 4 curare-tipped darts
Armour
 b - a +0 leather armour
 c - a +0 helmet
 k - a +1 cloak
 n - an orb of energy
 q - a +0 ring mail (worn)
 x - the +2 helmet "Kufasoax" (worn) {rN++ Int+2 Dex-3}
   (You found it on level 6 of the Dungeon)

   Int:       It affects your intelligence (+2).
   Dex:       It affects your dexterity (-3).
   rN:        It greatly protects you from negative energy.
 G - a +0 buckler
 K - a +2 buckler of poison resistance (worn)
Jewellery
 i - an amulet of regeneration (around neck)
 l - an amulet of magic regeneration
 o - an amulet of faith
 s - a ring of resist corrosion (left hand)
 B - the amulet of Elemental Vulnerability {rPois rF-- rC-- AC+8}
   (You found it on level 5 of the Dungeon)

   [amulet of nothing]

   AC:        It affects your AC (+8).
   rF:        It makes you very vulnerable to fire.
   rC:        It makes you very vulnerable to cold.
   rPois:     It protects you from poison.
Wands
 y - a wand of flame (25) (quivered)
 L - a wand of digging (6)
Scrolls
 j - 2 scrolls of immolation
 t - 2 scrolls of vulnerability
Potions
 m - 3 potions of attraction
 A - a potion of lignification
 D - a potion of resistance {unknown}
 H - 2 potions of curing
 M - a potion of brilliance


   Skills:
 + Level 10.8 Fighting
 + Level 1.4 Maces & Flails
 - Level 10.0 Polearms
 + Level 9.9 Throwing
 + Level 1.6 Armour
 + Level 10.1 Dodging
 + Level 1.7 Stealth
 + Level 1.6 Shields
 + Level 1.6 Spellcasting


You had 13 spell levels left.
You knew the following spells:

 Your Spells              Type           Power      Damage    Failure   Level
a - Freeze                Ice            4%         1d3       71%         1

Your spell library contained the following spells:

 Spells                   Type           Power      Damage    Failure   Level
 Frozen Ramparts          Ice            2%         1d1       95%         3
 Tukima's Dance           Hex            1%         N/A       95%         3
 Hailstorm                Conj/Ice       1%         3d3       100%        4
 Passage of Golubria      Tloc           1%         N/A       100%        4
 Yara's Violent Unravell  Hex/Tmut       0%         3d3       100%        5


Dungeon Overview and Level Annotations

Branches:
Dungeon (8/15)             Temple (1/1) D:4            Lair (3/5) D:8
  Swamp (1/4) Lair:3        Snake (0/4) Lair:3

Altars:
Ashenzari
Cheibriados
Dithmenos
Gozag
Hepliaklqana
Kikubaaqudgha
Makhleb
Nemelex Xobeh
Okawaru
Qazlal
Ru
Sif Muna
Trog
Uskayaw
Vehumet
Wu Jian
Xom
Yredelemnul
Jiyva

Shops:
D:7 (

Annotations:
D:4 Eustachio


Innate Abilities, Weirdness & Mutations

You are completely covered in yellow scales. (AC +4, rCorr)
You may rarely emit foul miasma when damaged in melee.
Spells you cast may paralyse adjacent enemies.
You have a sharp stinger which inflicts weakening toxins.
You are resistant to electric shocks. (rElec)
Your muscles are strong. (Str +4, Int/Dex -1)
Your spells are harder to cast, but more powerful.
You have acidic saliva.
Your body has grown many eyes which may confuse attackers. (Acc +5)
Armour fits poorly on your massive pseudopods.
Your translucent skin reduces your foes' accuracy. (Stealth+)
You have a small jelly attached to you that may absorb projectiles.


Message History

You feel much better. The alligator misses you. The alligator tail-slaps you.
The swamp dragon barely misses you.
The eyeballs on your body gaze at the swamp dragon.
The swamp dragon claws you but does no damage.
The swamp dragon tramples you.
You stumble backwards!
The alligator puts on a burst of speed!
The six-headed hydra bites you but does no damage. x2
The six-headed hydra bites you. The six-headed hydra misses you.
The six-headed hydra bites you.
The six-headed hydra bites you but does no damage.
The swamp dragon seems less confused.
The alligator looks more healthy.
Press: ? - help, v - describe, . - travel The floor.
Activating: Oozemancy (1% risk of failure)
Press: ? - help, Dir - look around, f - activate Look: an alligator (heavily wounded, covering ground quickly) Slime begins to ooze from the nearby walls!
The wall burns the four-headed hydra!
The walls burn the alligator!
The alligator bites you. The alligator tail-slaps you.
The wall burns the alligator!
The walls burn the six-headed hydra!
The six-headed hydra closely misses you.
The six-headed hydra bites you.
The six-headed hydra closely misses you.
You block the six-headed hydra's attack.
The six-headed hydra barely misses you.
The six-headed hydra closely misses you.
The six-headed hydra attacks as you move away!
The six-headed hydra bites you!
The eyeballs on your body gaze at the six-headed hydra.
The six-headed hydra bites you.
* * * LOW HITPOINT WARNING * * *
You emit a cloud of foul miasma!
The six-headed hydra bites you!
* * * LOW HITPOINT WARNING * * *
The six-headed hydra closely misses you.
The six-headed hydra completely misses you.
The six-headed hydra bites you but does no damage.
The walls burn the alligator!
The alligator bites you!
* * * LOW HITPOINT WARNING * * *
The alligator tail-slaps you!
You die...

♣...~.~~...#..~§~~.≈≈ . ~♣~♣
♣♣♣♣♣~~~####.~~..~.≈≈ .~ ≈≈..♣♣♣
♣...§.....~~..).≈≈ ..#♣~~§..~♣♣♣
♣~..~.~~~...~♣♣..≈
...~♣.~~.~.~♣♣#♣..#..~~~.♣♣♣....≈
.≈#k.~~~~~~.~♣#.♣♣♣♣>~~§.♣~......
≈♣.~≈~~~~~~~..#...♣♣♣.....~..♣♣~♣
≈~#~≈~~~~~~~~.#...#....~~~.§~♣♣♣♣
..~≈~~~~~~~~~.#.@....~~~~~...♣♣
..#≈~~~~...~~.#t..#.~~~§~~~...♣♣♣
##.≈~.~~..k.DwDD###.~~~~~~~.~♣~~♣
.~≈..~..~..~§.D..~§..~...~~~...~♣
≈.♣♣~~♣♣♣♣......§.~~..~..~...~~..
.~ ♣♣♣♣ ♣♣♣♣..~...~~....♣..~....
~~ ♣♣♣♣♣..§~~..~~~~~.♣~♣♣♣♣~.
..♣♣ ♣♣♣......~~...~~~~~~.~♣ ♣♣♣
....♣♣.~~.~~..~......~~~~..♣♣ ♣


You could see an alligator (swift), a six-headed hydra (confused), a four-headed
hydra, a swamp dragon and a tyrant leech.

Vanquished Creatures
  A bunyip (Swamp:1)
  2 boulder beetles
  2 hydras (Swamp:1)
  2 alligators (Swamp:1)
  Sonja (Lair:2)
  A goliath frog (Swamp:1)
  A swamp dragon (Swamp:1)
  Pikel (D:6)
  A black mamba (Lair:3)
  Maggie (Lair:2)
  4 cane toads
  A troll (D:8)
  2 komodo dragons
  A tyrant leech (Swamp:1)
  A polar bear (Lair:1)
  4 blink frogs (Lair:2)
  5 dream sheep (Lair:3)
  3 hornets
  4 wyverns
  2 spriggans (Swamp:1)
  A basilisk (Lair:1)
  21 yaks
  4 vampire mosquitoes (Swamp:1)
  Menkaure (D:4)
  2 swamp worms (Swamp:1)
  Edmund (D:4)
  11 water moccasins
  An ice beast (D:7)
  An orc warrior (D:7)
  4 sky beasts
  2 black bears
  An ogre (D:5)
  5 wolves
  A phantom (D:6)
  3 lemures (D:6)
  A kobold brigand (D:7)
  Blork the orc (D:4)
  7 bullfrogs
  A necrophage (D:6)
  A scorpion (D:4)
  A jelly (Swamp:1)
  A howler monkey (D:4)
  5 electric eels
  8 hounds
  4 orc priests
  Crazy Yiuf (D:4)
  3 gnoll boudas
  An iguana (D:7)
  3 orc wizards
  16 gnolls
  4 adders
  2 white imps
  An ufetubus (D:6)
  A dart slug (D:1)
  11 orcs
  2 endoplasms (D:1)
  11 goblins
  5 hobgoblins
  2 jackals (D:2)
  6 kobolds
  4 ball pythons
  7 bats
  5 rats
214 creatures vanquished.

Vanquished Creatures (collateral kills)
  A catoblepas (Lair:2)
  A spriggan (Swamp:1)
  A bog body (Swamp:1)
  A tyrant leech (Swamp:1)
  A hornet (Swamp:1)
  A swamp worm (Swamp:1)
6 creatures vanquished.

Vanquished Creatures (others)
  A rime drake (Lair:2)
  A water moccasin (Lair:3)
  A scorpion (D:5)
  19 jellies
  2 adders
  A gnoll (D:6)
  A shadow imp (D:5)
  A worm (D:2)
  An orc (D:3)
  A ball python (D:3)
  3 endoplasms (D:4)
  A giant cockroach (D:4)
  2 hobgoblins
  2 kobolds
  3 bats (D:1)
  A goblin (D:4)
  A rat (D:3)
  33 fungi
  26 plants
101 creatures vanquished.

Grand Total: 321 creatures vanquished

Notes
Turn   | Place    | Note
-------+----------+-------------------------------------------
     0 | D:1      | Danienth the Demonspawn Gladiator began the quest for the
                  | Orb.
     0 | D:1      | Reached XP level 1. HP: 16/16 MP: 1/1
   366 | D:1      | Found a faded altar of an unknown god.
   378 | D:1      | Gained mutation: You have a small tail. [demonic ancestry]
   378 | D:1      | Reached XP level 2. HP: 22/22 MP: 2/2
   393 | D:1      | Prayed at the altar of an unknown god.
   393 | D:1      | Became a worshipper of Jiyva Jefaxe the Shapeless
   393 | D:1      | Reached * piety under Jiyva
   971 | D:2      | Reached ** piety under Jiyva
  1003 | D:2      | Found a radiant altar of Vehumet.
  1316 | D:2      | Gained mutation: You have a tail ending in a sharp stinger.
                  | [demonic ancestry]
  1316 | D:2      | Reached XP level 3. HP: 28/28 MP: 3/3
  1677 | D:3      | Reached *** piety under Jiyva
  1734 | D:3      | Gained mutation: You have a small jelly attached to you
                  | that may absorb projectiles. [Jiyva's grace]
  1734 | D:3      | Gained mutation: You are strong-willed. (Will+) [Jiyva's
                  | grace]
  1734 | D:3      | Gained mutation: You are highly strong-willed. (Will++)
                  | [Jiyva's grace]
  1734 | D:3      | Gained mutation: You are extremely strong-willed. (Will+++)
                  | [Jiyva's grace]
  1806 | D:3      | Found a sacrificial altar of Ru.
  2088 | D:4      | Reached XP level 4. HP: 34/34 MP: 4/4
  2194 | D:4      | Noticed Edmund
  2211 | D:4      | Killed Edmund
  2212 | D:4      | Gained mutation: Spells you cast may paralyse adjacent
                  | enemies. [demonic ancestry]
  2212 | D:4      | Reached XP level 5. HP: 25/41 MP: 5/5
  2241 | D:4      | Noticed Menkaure
  2245 | D:4      | Killed Menkaure
  2246 | D:4      | Reached XP level 6. HP: 48/48 MP: 6/6
  2261 | D:4      | Noticed Eustachio
  2302 | D:4      | Found a staircase to the Ecumenical Temple.
  2310 | Temple   | Entered the Ecumenical Temple
  2398 | D:4      | Reached **** piety under Jiyva
  2515 | D:4      | Found a runed translucent door.
  2516 | D:4      | Noticed Crazy Yiuf
  2523 | D:4      | Killed Crazy Yiuf
  2619 | D:4      | Gained mutation: You may rarely emit foul miasma when
                  | damaged in melee. [demonic ancestry]
  2619 | D:4      | Reached XP level 7. HP: 46/54 MP: 7/7
  2693 | D:4      | Noticed Blork the orc
  2703 | D:4      | Killed Blork the orc
  3033 | D:5      | Entered Level 5 of the Dungeon
  3033 | D:5      | Found the amulet of Elemental Vulnerability {rPois rF--
                  | rC-- AC+8}
  3095 | D:5      | Lost mutation: You are extremely strong-willed. (Will+++)
                  | [Jiyva's grace]
  3095 | D:5      | Lost mutation: You are highly strong-willed. (Will++)
                  | [Jiyva's grace]
  3095 | D:5      | Gained mutation: You possess an exceptional clarity of
                  | mind. [Jiyva's grace]
  3095 | D:5      | Gained mutation: Your translucent skin slightly reduces
                  | your foes' accuracy. (Stealth+) [Jiyva's grace]
  3095 | D:5      | Gained mutation: Your translucent skin reduces your foes'
                  | accuracy. (Stealth+) [Jiyva's grace]
  3095 | D:5      | Gained mutation: Your transparent skin significantly
                  | reduces your foes' accuracy. (Stealth+) [Jiyva's grace]
  3227 | D:5      | Found a shimmering altar of Xom.
  3444 | D:5      | Reached ***** piety under Jiyva
  3480 | D:5      | Reached skill level 5 in Dodging
  3579 | D:5      | Reached skill level 5 in Fighting
  3579 | D:5      | Reached skill level 5 in Polearms
  3579 | D:5      | Gained mutation: You are partially covered in yellow
                  | scales. (AC +2) [demonic ancestry]
  3579 | D:5      | Reached XP level 8. HP: 62/62 MP: 8/8
  3749 | D:5      | Found an ornate altar of the Wu Jian Council.
  4330 | D:6      | Noticed Pikel
  4351 | D:6      | Killed Pikel
  4352 | D:6      | Reached skill level 5 in Throwing
  4461 | D:6      | Identified the +2 helmet "Kufasoax" {rN++ Int+2 Dex-3}
  4657 | D:6      | Lost mutation: Your transparent skin significantly reduces
                  | your foes' accuracy. (Stealth+) [Jiyva's grace]
  4657 | D:6      | Gained mutation: You are resistant to electric shocks.
                  | (rElec) [Jiyva's grace]
  4657 | D:6      | Gained mutation: Your melee attacks may engulf your foes in
                  | ooze. [Jiyva's grace]
  4657 | D:6      | Gained mutation: Your transparent skin significantly
                  | reduces your foes' accuracy. (Stealth+) [Jiyva's grace]
  4657 | D:6      | Gained mutation: You are somewhat resistant to further
                  | mutation. [Jiyva's grace]
  4873 | D:6      | Reached ****** piety under Jiyva
  5115 | D:7      | Gained mutation: You are mostly covered in yellow scales.
                  | (AC +3) [demonic ancestry]
  5115 | D:7      | Reached XP level 9. HP: 69/69 MP: 9/9
  5118 | D:7      | Found a basalt altar of Yredelemnul.
  5488 | D:7      | Found a bloodstained altar of Trog.
  5492 | D:7      | Found a hide-covered altar of Uskayaw.
  5493 | D:7      | Found a stormy altar of Qazlal.
  5493 | D:7      | Found a broken altar of Ashenzari.
  5990 | D:7      | Found Xaona's Weapon Shoppe.
  6265 | D:7      | Found an ancient bone altar of Kikubaaqudgha.
  6340 | D:8      | Noticed a troll
  6366 | D:8      | Killed a troll
  6405 | D:8      | Found a staircase to the Lair.
  6431 | Lair:1   | Entered Level 1 of the Lair of Beasts
  6466 | Lair:1   | Noticed a cane toad
  6481 | Lair:1   | Killed a cane toad
  6482 | Lair:1   | Gained mutation: You have a sharp stinger which inflicts
                  | weakening toxins. [demonic ancestry]
  6482 | Lair:1   | Reached XP level 10. HP: 46/79 MP: 8/10
  6579 | Lair:1   | Lost mutation: You are somewhat resistant to further
                  | mutation. [Jiyva's grace]
  6579 | Lair:1   | Lost mutation: Your transparent skin significantly reduces
                  | your foes' accuracy. (Stealth+) [Jiyva's grace]
  6579 | Lair:1   | Lost mutation: Your melee attacks may engulf your foes in
                  | ooze. [Jiyva's grace]
  6579 | Lair:1   | Gained mutation: Your body has grown eyes which may confuse
                  | attackers. (Acc +3) [Jiyva's grace]
  6579 | Lair:1   | Gained mutation: Your body has grown many eyes which may
                  | confuse attackers. (Acc +5) [Jiyva's grace]
  6579 | Lair:1   | Gained mutation: Your body is covered in eyes which may
                  | confuse attackers. (Acc +7, SInv) [Jiyva's grace]
  6579 | Lair:1   | Gained mutation: You have acidic saliva. [Jiyva's grace]
  7199 | Lair:2   | Noticed Sonja
  7207 | Lair:2   | Killed Sonja
  7422 | Lair:2   | Noticed a boulder beetle
  7444 | Lair:2   | Killed a boulder beetle
  7473 | Lair:2   | Noticed a catoblepas
  7481 | Lair:2   | Killed a catoblepas
  7482 | Lair:2   | Reached XP level 11. HP: 75/87 MP: 11/11
  7615 | Lair:2   | Lost mutation: You possess an exceptional clarity of mind.
                  | [Jiyva's grace]
  7615 | Lair:2   | Lost mutation: Your body is covered in eyes which may
                  | confuse attackers. (Acc +7, SInv) [Jiyva's grace]
  7615 | Lair:2   | Gained mutation: Your spells are a little harder to cast,
                  | but a little more powerful. [Jiyva's grace]
  7615 | Lair:2   | Gained mutation: Your spells are harder to cast, but more
                  | powerful. [Jiyva's grace]
  7615 | Lair:2   | Gained mutation: Your spells are much harder to cast, but
                  | much more powerful. [Jiyva's grace]
  7615 | Lair:2   | Gained mutation: Your transparent skin significantly
                  | reduces your foes' accuracy. (Stealth+) [Jiyva's grace]
  7618 | Lair:2   | Learned a level 1 spell: Freeze
  7915 | Lair:2   | Noticed Maggie
  7932 | Lair:2   | Killed Maggie
  8639 | Lair:3   | Noticed a boulder beetle
  8671 | Lair:3   | Killed a boulder beetle
  8727 | Lair:3   | Found a staircase to the Swamp.
  8801 | Lair:3   | Found a staircase to the Snake Pit.
  9138 | Lair:3   | Reached skill level 10 in Fighting
  9545 | Swamp:1  | Entered Level 1 of the Swamp
  9575 | Swamp:1  | Lost mutation: Your body has grown many eyes which may
                  | confuse attackers. (Acc +5) [Jiyva's grace]
  9575 | Swamp:1  | Gained mutation: Armour fits poorly on your pseudopods.
                  | [Jiyva's grace]
  9575 | Swamp:1  | Gained mutation: Armour fits poorly on your large
                  | pseudopods. [Jiyva's grace]
  9575 | Swamp:1  | Gained mutation: Armour fits poorly on your massive
                  | pseudopods. [Jiyva's grace]
  9575 | Swamp:1  | Gained mutation: Your body has grown many eyes which may
                  | confuse attackers. (Acc +5) [Jiyva's grace]
  9618 | Swamp:1  | Gained mutation: You are completely covered in yellow
                  | scales. (AC +4, rCorr) [demonic ancestry]
  9618 | Swamp:1  | Reached XP level 12. HP: 85/97 MP: 12/12
  9658 | Swamp:1  | Noticed a bunyip
  9659 | Swamp:1  | Noticed an alligator
  9663 | Swamp:1  | Noticed an alligator
  9667 | Swamp:1  | Killed a bunyip
  9673 | Swamp:1  | Killed an alligator
  9677 | Swamp:1  | Killed an alligator
  9862 | Swamp:1  | Reached skill level 10 in Polearms
  9862 | Swamp:1  | Reached skill level 10 in Dodging
  9884 | Swamp:1  | Noticed a five-headed hydra
  9896 | Swamp:1  | Killed a five-headed hydra
  9956 | Swamp:1  | Reached skill level 1 in Maces & Flails
  9956 | Swamp:1  | Reached skill level 1 in Armour
  9956 | Swamp:1  | Reached skill level 1 in Stealth
  9956 | Swamp:1  | Reached skill level 1 in Shields
  9956 | Swamp:1  | Reached skill level 1 in Spellcasting
 10050 | Swamp:1  | Noticed a five-headed hydra
 10067 | Swamp:1  | Killed a five-headed hydra
 10128 | Swamp:1  | Noticed an alligator
 10133 | Swamp:1  | Noticed an alligator
 10134 | Swamp:1  | Noticed a six-headed hydra
 10140 | Swamp:1  | Noticed a seven-headed hydra
 10140 | Swamp:1  | Noticed a four-headed hydra
 10141 | Swamp:1  | Lost mutation: You are strong-willed. (Will+) [potion of
                  | mutation]
 10141 | Swamp:1  | Lost mutation: Your spells are much harder to cast, but
                  | much more powerful. [potion of mutation]
 10141 | Swamp:1  | Lost mutation: Your transparent skin significantly reduces
                  | your foes' accuracy. (Stealth+) [potion of mutation]
 10141 | Swamp:1  | Gained mutation: Your muscles are strong. (Str +4, Int/Dex
                  | -1) [potion of mutation]
 10152 | Swamp:1  | Slain by an alligator

Illustrated notes

Levels and vault maps discovered:
D:1:      dpeg_arrival_central, layout_basic, hellmonk_ecumenical_altar_run_dry
D:2:      layout_rooms, basic_altar
D:3:      layout_loops_ring, nicolae_ru_the_path_less_chosen,
          amcnicky_mini_pool_small, minmay_goblin_outpost
D:4:      layout_basic, minmay_temple_entry_junction, uniq_menkaure,
          uniq_crazy_yiuf_cottage, uniq_edmund, uniq_blork_the_orc,
          uniq_eustachio
D:5:      layout_layer_cave, nicolae_wu_jian_wuxing_cycle, amcnicky_altar_gilded
D:6:      layout_basic, tso_altar, minivault_23, uniq_pikel
D:7:      layout_basic, yredelemnul_altar_generic, grunt_temple_overflow_open,
          mainiacjoe_overflow_alcove_2, serial_shops,
          nicolae_shop_advertising_works [nicolae_subvault_shop_adworks]
D:8:      layout_basic, erik_lair_island, enter_bailey_8, corexii_checkpoint_a,
          minmay_unpleasant_kobolds
Temple:   nicolae_temple_ecumenical_triangle
Lair:1:   layout_gridlike
Lair:2:   layout_layer_cave, grunt_megastairs_4, uniq_maggie, uniq_sonja
Lair:3:   layout_gridlike, swamp_mist, minmay_snake_entry_six_corridors
Swamp:1:  layout_basic_swamp, evilmike_swamp_ruin_house_6, swamp_pool1,
          st_swamp_ruins_4, infiniplex_staircase_pool

Skill      XL: |  1  2  3  4  5  6  7  8  9 10 11 12 |
---------------+-------------------------------------+-----
Throwing       | 2 3 4 5 6 8 9 |  9.9
Polearms       | 3 4 5 6 7 8 9 10 | 10.0
Dodging        | 3 4 5 6 7 8 9 10 | 10.1
Fighting       | 3 4 5 6 7 8 10 | 10.8
Maces & Flails | 1 |  1.4
Armour         | 1 |  1.6
Stealth        | 1 |  1.7
Shields        | 1 |  1.6
Spellcasting   | 1 |  1.6

Action                   |  1- 3 |  4- 6 |  7- 9 | 10-12 || total
-------------------------+-------+-------+-------+-------++-------
Melee: Trident           |   118 |    21 |       |       ||   139
       Tailslap          |    13 |     6 |    41 |   110 ||   170
       Flail             |       |    46 |   322 |   452 ||   820
       Bite              |       |       |       |    80 ||    80
       Pseudopods        |       |       |       |    23 ||    23
 Cast: Freeze            |       |       |       |     1 ||     1
Invok: Oozemancy         |       |     1 |     1 |     3 ||     5
Evoke: Wand              |       |       |       |    21 ||    21
  Use: Scroll            |     2 |     2 |     9 |     3 ||    16
       Potion            |       |     3 |     3 |     9 ||    15
 Stab: Sleeping          |       |       |     1 |     2 ||     3
       Confused          |       |       |       |    19 ||    19
Armor: Leather armour    |    16 |       |       |       ||    16
       Ring mail         |    32 |    35 |   146 |   193 ||   406
       Skin              |       |       |    10 |       ||    10
Dodge: Dodged            |    83 |    44 |   277 |   459 ||   863
Block: Buckler           |       |       |    15 |   127 ||   142
